 Dungeon Crawl Stone Soup version 0.22-a0-348-gd16d139 (webtiles) character file.

10 vishdafish the Charmwright (level 2, 17/22 HPs)
             Began as a Demonspawn Skald on Apr 11, 2018.
             Quit the game on level 1 of the Dungeon.
             The game lasted 00:01:06 (615 turns).

vishdafish the Charmwright (Demonspawn Skald)        Turns: 615, Time: 00:01:07

Health: 17/22      AC:  3    Str: 11    XL:     2   Next: 10%
Magic:  5/5        EV: 12    Int: 14    God:
Gold:   33         SH:  0    Dex: 12    Spells: 4/5 levels left

rFire    . . .     SeeInvis .   a - +0 falchion
rCold    . . .     Gourm    .   (no shield)
rNeg     . . .     Faith    .   b - +0 leather armour
rPois    .         Spirit   .   (no helmet)
rElec    .         Reflect  .   (no cloak)
rCorr    .         Harm     .   (no gloves)
MR       .....                  (no boots)
Stlth    +.........             h - amulet of inaccuracy (curse)
HPRegen  0.07/turn              (no ring)
MPRegen  0.09/turn              (no ring)

@: no status effects
A: rot immunity
a: no special abilities


You were on level 1 of the Dungeon.
You were not hungry.

You visited 1 branch of the dungeon, and saw 1 of its levels.

You collected 33 gold pieces.

Inventory:

Hand Weapons
 a - a +0 falchion (weapon)
Armour
 b - a +0 leather armour (worn)
Jewellery
 h - a cursed amulet of inaccuracy (around neck)
Scrolls
 c - a scroll of identify
 f - a scroll of fog {unknown}
 i - a scroll of enchant weapon {unknown}
Potions
 e - a potion of degeneration {unknown}
 g - 2 potions of curing
 j - a potion of agility {unknown}
Comestibles
 d - 4 rations


   Skills:
 + Level 2.2 Fighting
 * Level 1.8 Long Blades
 + Level 0.9 Armour
 + Level 1.8 Dodging
 + Level 2.1 Spellcasting
 - Level 3.0 Charms


You had 4 spell levels left.
You knew the following spells:

 Your Spells              Type           Power        Failure   Level  Hunger
a - Infusion              Chrm           #...         9%          1    ##.....


Dungeon Overview and Level Annotations

Branches:
Dungeon (1/15)

Altars:
Ashenzari


Innate Abilities, Weirdness & Mutations

You are immune to rotting.


Message History

The hobgoblin is severely wounded.
The hobgoblin hits you with a club.
You miss the hobgoblin.
The hobgoblin is severely wounded.
The hobgoblin hits you but does no damage.
You miss the hobgoblin.
The hobgoblin is severely wounded.
The hobgoblin closely misses you.
You hit the hobgoblin.
You kill the hobgoblin!
No target in view!
i - a scroll labeled DANURO BUROI
Things that are here:
a club; a hobgoblin corpse
There is a shattered altar of Ashenzari here.
Things that are here:
a club; a hobgoblin corpse You now have 33 gold pieces (gained 7).
j - a smoky yellow potion Are you sure you want to abandon this character and quit the game? (Confirm with "yes".)

### #.. #.# #.# #####.## #
#.....@##.#### #
###............. #.##
.........##.###. ###...
#######.###.# ......
#######.# #.# ###.#
#.......###.#### ####...
#.####.......... .....#.
#.###....##.#####.##..#..
##.##......)_..).....#...#


There were no monsters in sight!

Vanquished Creatures
  A bat (D:1)
  A goblin (D:1)
  3 hobgoblins (D:1)
  A kobold (D:1)
  A frilled lizard (D:1)
  2 rats (D:1)
9 creatures vanquished.

Notes
Turn   | Place    | Note
-------+----------+-------------------------------------------
     0 | D:1      | vishdafish the Demonspawn Skald began the quest for the Orb.
     0 | D:1      | Reached XP level 1. HP: 16/16 MP: 3/3
   351 | D:1      | Reached skill level 3 in Charms
   453 | D:1      | Found a shattered altar of Ashenzari.
   468 | D:1      | Gained mutation: You are immune to rotting. [demonic ancestry]
   468 | D:1      | Reached XP level 2. HP: 13/22 MP: 5/5
   615 | D:1      | Quit the game

Vault maps used:
D:1:      dpeg_arrival_fog, hex_large, ashenzari_altar_1

Skill      XL: |  1 |
---------------+----+-----
Charms         | 3 |  3.0
Fighting       | |  2.2
Long Blades    | |  1.8
Armour         | |  0.9
Dodging        | |  1.8
Spellcasting   | |  2.1

Action                   || total
-------------------------++-------
Melee: Falchion          ||    40
 Cast: Infusion          ||     2
  Use: Scroll            ||     2
Armor: Leather armour    ||    10
Dodge: Dodged            ||    21
       Rpst.: Falchion   ||     9

Table legend:
 A = Spawn XP
 B = Non-spawn XP
 C = Spawn XP percentage of total XP
 D = Spawn monster count
 E = Non-spawn monster count
 F = Spawn count percentage of total count
 G = Total turns spent on level
                    A         B        C        D         E        F      G
               +---------+---------+-------+---------+---------+-------+---------
         Total |       0 |      15 |   0.0 |       0 |       9 |   0.0 |   615
               +---------+---------+-------+---------+---------+-------+---------
           D:1 |       0 |      15 |   0.0 |       0 |       9 |   0.0 |   615
               +---------+---------+-------+---------+---------+-------+---------
